Map: Abyssal Reef LE

Players

TRUE - Winner!

  • Race: Zerg Zerg
  • Spawn Location: 11:00

DnS

  • Race: Protoss Protoss
  • Spawn Location: 5:00

Event: WCS Montreal 2017

VOD

Have the link to the VOD?

Description

Time

  • Played on: Sept. 9, 2017, 12:06 p.m.
  • Length: 9:22

All games in this series

Show
View Real Time Build Order
Export as new Build Order

TRUE Zerg - Winner!

Build Orders: Hatch First 

Get SALT Encoding   

  12  0:00  Drone  
  13  0:07  Drone  
  14  0:34  Hatchery  
  13  0:37  Drone  
  14  0:44  Overlord  
  14  0:51  Extractor, Drone  
  15  1:03  Drone x2  
  17  1:14  Spawning Pool  
  17  1:17  Extractor  
  15  1:19  Drone  
  15  1:24  Drone  
  17  1:31  Drone  
  18  1:41  Drone  
  18  1:47  Drone  
  20  1:53  Drone  
  21  1:56  Drone  
  22  2:01  Queen  
  22  2:02  Queen  
  22  2:05  Zergling x2  
  27  2:11  Overlord  
  27  2:18  Metabolic Boost  
  27  2:20  Drone  
  28  2:29  Drone x2  
  31  2:30  Drone  
  31  2:39  Drone x2  
  33  2:48  Hatchery  
  32  2:55  Queen  
  34  3:00  Overlord  
  34  3:01  Drone  
  34  3:03  Drone  
  36  3:18  Drone x4  
  36  3:19  Drone x4  
  43  3:29  Overlord  
  43  3:39  Evolution Chamber  
  42  3:46  Overlord  
  42  3:47  Queen x2  
  46  3:52  Drone x2  
  46  3:53  Drone x3  
  46  3:54  Overlord  
  51  4:00  Queen  
  53  4:03  Drone x3  
  53  4:05  Zerg Melee Weapons Level 1  
  56  4:21  Drone  
  56  4:22  Drone x6  
  63  4:24  Queen  
  63  4:28  Queen  
  67  4:35  Overlord  
  67  4:36  Pneumatized Carapace  
  67  4:37  Overlord  
  67  4:41  Zergling x4  
  67  4:42  Zergling x2  
  67  4:44  Zergling x2  
  71  4:46  Zergling x4  
  71  4:49  Overlord  
  73  4:54  Zergling x8  
  73  4:55  Zergling x2  
  73  4:57  Zergling x2  
  73  4:59  Zergling x2  
  80  5:01  Zergling x2  
  80  5:04  Queen  
  81  5:11  Zergling x12  
  85  5:15  Zergling x2  
  85  5:16  Zergling x4  
  88  5:21  Zergling x2  
  88  5:23  Overlord x2  
  88  5:26  Overlord  
  88  5:27  Zergling x2  
  77  5:36  Zergling x2  
  77  5:37  Zergling x10  
  77  5:38  Zergling x2  
  77  5:39  Zergling x2  
  82  5:43  Zergling x2  
  82  5:48  Queen  
  82  5:49  Zergling x2  
  86  5:50  Zergling x2  
  86  5:52  Zergling x2  
  86  5:53  Zergling x2  
  89  5:58  Zergling x2  
  89  6:01  Zergling x8  
  89  6:03  Zergling x2  
  88  6:05  Zergling x2  
  88  6:08  Zergling x2  
  85  6:12  Zergling x2  
  85  6:13  Zergling x8  
  85  6:15  Zergling x2  
  85  6:16  Zergling x2  
  90  6:19  Zergling x2  
  90  6:20  Zergling x2  
  80  6:28  Drone x2  
  80  6:30  Drone  
  80  6:31  Drone x3  
  80  6:37  Queen, Drone x2  
  82  6:42  Drone  
  81  6:48  Drone x3  
  81  6:52  Zergling x2  
  81  6:53  Zergling x4  
  80  7:00  Zergling x2  
  79  7:02  Zergling x2  
  79  7:04  Queen, Zergling x2  
  79  7:05  Queen  
  84  7:17  Drone x3, Hatchery  
  84  7:20  Extractor  
  85  7:28  Queen  
  86  7:36  Drone x3  
  86  7:37  Drone  
  90  7:39  Drone x3  
  90  7:40  Overlord  
  90  7:43  Queen  
  89  7:45  Extractor, Zergling x4, Roach Warren  
  89  7:46  Zergling x2  
  89  7:47  Zergling x2  
  88  7:51  Zergling x4  
  88  7:56  Zergling x2  
  89  7:59  Zergling x4  
  89  8:05  Drone x3  
  94  8:06  Zergling x6  
  94  8:07  Extractor, Zergling x2  
  97  8:13  Zergling x2  
  97  8:17  Overlord  
  98  8:21  Overlord x3  
  98  8:22  Overlord  
  92  8:37  Roach x6  
  92  8:38  Roach  
  92  8:39  Zergling x6  
  106  8:45  Zergling x2  
  106  8:47  Zergling x2  
  107  8:48  Spine Crawler, Zergling x2  
  107  8:49  Spine Crawler  
  107  8:52  Spine Crawler  
  107  8:54  Zergling x2  
  107  8:55  Zergling x10  
  111  8:57  Zergling x2  
  111  8:59  Ravager x2  
  111  9:00  Ravager x4  
  111  9:01  Zergling x2  
  111  9:02  Zergling x2  
  119  9:04  Zergling x2  
Show
View Real Time Build Order
Export as new Build Order

DnS Protoss 

Build Orders: 1 Gate Expand, Oracle Opening 

Get SALT Encoding   

  12  0:00  Probe (Chrono Boost)  
  13  0:11  Probe (Chrono Boost)  
  14  0:19  Pylon  
  14  0:22  Probe (Chrono Boost)  
  15  0:37  Probe (Chrono Boost)  
  15  0:40  Gateway  
  16  0:47  Probe (Chrono Boost)  
  16  0:49  Assimilator  
  17  0:58  Probe (Chrono Boost)  
  18  1:08  Probe (Chrono Boost)  
  19  1:19  Probe (Chrono Boost)  
  20  1:26  Nexus  
  20  1:37  Cybernetics Core  
  20  1:39  Probe (Chrono Boost)  
  21  1:48  Assimilator  
  21  1:50  Probe (Chrono Boost)  
  21  1:54  Pylon  
  22  2:00  Probe (Chrono Boost)  
  23  2:12  Probe  
  23  2:13  Adept (Chrono Boost)  
  26  2:24  Probe, Stargate  
  27  2:36  Probe, Adept (Chrono Boost)  
  30  2:37  Probe (Chrono Boost)  
  30  2:39  Warp Gate  
  31  2:48  Probe (Chrono Boost)  
  31  2:49  Probe (Chrono Boost)  
  33  2:59  Probe (Chrono Boost)  
  33  3:00  Probe (Chrono Boost)  
  33  3:03  Adept  
  37  3:09  Probe x2  
  37  3:11  Oracle (Chrono Boost)  
  42  3:19  Probe  
  42  3:21  Probe  
  44  3:28  Pylon  
  44  3:30  Probe, Gateway  
  44  3:34  Probe  
  46  3:44  Probe  
  46  3:46  Probe  
  48  3:49  Nexus  
  48  3:55  Probe, Oracle (Chrono Boost)  
  51  3:58  Probe, Pylon  
  53  4:05  Probe  
  53  4:07  Pylon  
  54  4:13  Gateway  
  54  4:16  Probe x2  
  55  4:21  Assimilator  
  55  4:22  Assimilator  
  56  4:26  Phoenix (Chrono Boost)  
  56  4:27  Probe  
  56  4:28  Probe  
  60  4:36  Mothership Core (Chrono Boost)  
  60  4:40  Probe  
  63  4:47  Robotics Facility  
  63  4:51  Robotics Facility  
  63  4:52  Probe (Chrono Boost)  
  63  4:55  Pylon  
  63  4:57  Probe (Chrono Boost)  
  65  5:00  Forge  
  65  5:02  Probe (Chrono Boost)  
  65  5:04  Probe (Chrono Boost)  
  67  5:08  Probe (Chrono Boost)  
  67  5:12  Probe (Chrono Boost)  
  69  5:14  Probe (Chrono Boost)  
  69  5:15  Sentry x2  
  69  5:17  Sentry  
  69  5:19  Probe (Chrono Boost), Pylon  
  77  5:23  Probe (Chrono Boost)  
  77  5:25  Probe (Chrono Boost)  
  79  5:29  Probe (Chrono Boost)  
  79  5:31  Void Ray  
  86  5:41  Immortal (Chrono Boost)  
  88  5:44  Photon Cannon  
  88  5:47  Photon Cannon x2  
  88  5:50  Zealot x3  
  88  5:54  Pylon  
  86  6:05  Immortal (Chrono Boost)  
  86  6:10  Zealot  
  86  6:11  Zealot x2  
  84  6:17  Immortal (Chrono Boost)  
  71  6:33  Pylon  
  71  6:34  Zealot x2  
  71  6:36  Zealot x3  
  71  6:39  Immortal (Chrono Boost)  
  76  6:51  Pylon  
  53  7:07  Mothership Core (Chrono Boost)  
  43  7:17  Pylon  
  43  7:19  Probe x2 (Chrono Boost)  
  43  7:21  Zealot x2  
  43  7:22  Immortal  
  53  7:39  Probe (Chrono Boost)  
  53  7:40  Probe (Chrono Boost)  
  54  7:52  Probe x2 (Chrono Boost)  
  54  7:54  Sentry x2  
  54  7:55  Sentry  
  59  8:02  Probe (Chrono Boost), Pylon  
  59  8:03  Probe (Chrono Boost)  
  61  8:13  Probe x2 (Chrono Boost)  
  63  8:21  Zealot x2  
  63  8:22  Zealot  
  63  8:23  Probe (Chrono Boost)  
  70  8:32  Probe (Chrono Boost)  
  69  8:34  Probe (Chrono Boost)  
  67  8:46  Adept  
Tags
 
Add a new tag
Caveats
  • Supply blocks, unpowered buildings, or Contaminate may cause inaccurate times.
  • Supply counts are checked every 10 seconds.